 Dungeon Crawl Stone Soup version 0.29-a0-830-gcb1280458a (webtiles) character file.

Game seed: 5303097240258407805

506 zishaf the Magician (level 7, 0/50 HPs)
             Began as a Djinni Venom Mage on July 11, 2022.
             Slain by a water moccasin (1 damage)
             ... on level 5 of the Dungeon.
             The game lasted 00:07:46 (4396 turns).

zishaf the Magician (Djinni Venom Mage)             Turns: 4396, Time: 00:07:46

Health: 0/50       AC:  3    Str:  7    XL:     7   Next: 41%
Gold:   195        EV: 12    Int: 19    God:
                   SH:  0    Dex: 13

rFire   + + +      SeeInvis .   a - +11 dagger "Ycsyss" {holy, rF+}
rCold   x . .      Faith    .   (no shield)
rNeg    . . .      Spirit   .   l - +0 robe
rPois   ∞          Reflect  .   (no helmet)
rElec   .          Harm     .   d - +0 cloak
rCorr   .          Rampage  .   (no gloves)
Will    .....                   (boots unavailable)
Stlth   ++........              (no amulet)
HPRegen 0.16/turn               (no ring)
MPRegen 0.00/turn               (no ring)

@: flying
A: sickness immunity, fire resistance 2, cold vulnerability 1, float, innate
caster, HP casting, extra vitality 1
a: no special abilities


You were on level 5 of the Dungeon.
You visited 1 branch of the dungeon, and saw 5 of its levels.

You collected 195 gold pieces.

Inventory:

Hand Weapons
 a - the +11 dagger "Ycsyss" (weapon) {holy, rF+}
   (You found it on level 2 of the Dungeon)

   It has been blessed by the Shining One to cause great damage to the undead
   and demons.
   rF:        It protects you from fire.
Missiles
 i - 2 javelins
Armour
 d - a +0 cloak (worn)
 l - a +0 robe (worn)
Magical Staves
 n - a staff of fire
Wands
 g - a wand of roots (7)
 p - a wand of flame (10)
Scrolls
 b - a scroll of identify {unknown}
 c - a scroll of enchant armour {unknown}
 j - a scroll of brand weapon {unknown}
 k - a scroll of noise {unknown}
 m - a scroll of blinking {unknown}
 o - 3 scrolls of teleportation {unknown}
Potions
 e - a potion of curing
 f - a potion of brilliance {unknown}
 h - a potion of haste {unknown}


   Skills:
 + Level 3.5 Fighting
 + Level 2.5 Short Blades
 - Level 2.1 Dodging
 - Level 1.5 Stealth
 * Level 4.8 Spellcasting


You couldn't memorise any spells.
You knew the following spells:

 Your Spells              Type           Power      Damage    Failure   Level
a - Sting                 Tmut/Pois      88%        1d7       1%          1
b - Poisonous Vapours     Pois/Air       44%        N/A       2%          2
c - Ignite Poison         Fire/Tmut/Pois 22%        N/A       5%          3
p - Beastly Appendage     Tmut           44%        N/A       1%          1
z - Mephitic Cloud        Conj/Pois/Air  22%        N/A       5%          3
A - Olgreb's Toxic Radia  Pois           22%        N/A       17%         4
B - Scorch                Fire           44%        2d7       2%          2
Your spell library was empty.

Dungeon Overview and Level Annotations

Branches:
Dungeon (6/15)
 Temple: D:4-7

Altars:
Gozag
Wu Jian

Shops:
D:6 *


Innate Abilities, Weirdness & Mutations

You are immune to sickness and miasma.
You are immune to poison.
Your flesh is very heat resistant. (rF++)
You are vulnerable to cold. (rC-)
You float through the air rather than walking.
You learn spells naturally, not from books.
Your magical power is your life essence.
You have superior vitality. (+4 MHP)


Message History

The water moccasin closely misses you.
The adder hisses angrily.
You see here a scroll labelled ZEMI ZYMECOUS.
The gnoll hits itself with a +2 spear of distortion.
Space warps around the gnoll.
The gnoll hits itself with a +2 spear of distortion.
The gnoll is killed!
The water moccasin bites you.
* * * LOW HITPOINT WARNING * * *
Aiming: Fastroot
Press: ? - help, Shift-Dir - straight line, f - water moccasin
Aim: a water moccasin The roots erupt in riotous growth!
Roots grab the water moccasin.
Roots grab the adder.
The grasping roots constrict the water moccasin.
The grasping roots constrict the adder.
The water moccasin bites you.
* * * LOW HITPOINT WARNING * * *
The grasping roots constrict the water moccasin.
The grasping roots constrict the adder.
You kill the adder!
The roots release their grip on the water moccasin.
Aiming: Fastroot
Press: ? - help, Shift-Dir - straight line, f/p - water moccasin
Aim: a water moccasin (moderately wounded)
The roots erupt in riotous growth!
Roots grab the water moccasin.
The grasping roots constrict the water moccasin.
The water moccasin bites you.
* * * LOW HITPOINT WARNING * * *
The water moccasin completely misses you.
The grasping roots constrict the water moccasin.
The roots release their grip on the water moccasin.
Aiming: Fastroot
Press: ? - help, Shift-Dir - straight line, f/p - water moccasin
Aim: a water moccasin (almost dead)
The roots erupt in riotous growth!
Roots grab the water moccasin.
The grasping roots constrict the water moccasin.
The water moccasin barely misses you. The water moccasin bites you.
You die...

##.. ... .... ....
...##.##...###...# .
#..#.#..#.......#
..##.....##...#...
......_......###.####
. ##S....##).##.$...
..#..#.#..#/.##..#
#...##.##?.....S.#
##......)..#####@#
####..#########.##
#....÷)g.g....##
##########.###.##
#.## ##.# #.. #># #..
#.# #.# .## #. [#


You could see a water moccasin (rooted).

Vanquished Creatures
  A kobold brigand (D:6)
  A necrophage (D:5)
  An orc priest (D:3)
  A gnoll bouda (D:5)
  3 iguanas (D:5)
  An orc wizard (D:5)
  5 adders
  11 gnolls
  A worm (D:2)
  3 dart slugs
  5 orcs (D:3)
  9 ball pythons
  5 endoplasms
  3 giant cockroaches
  2 goblins (D:1)
  3 hobgoblins
  7 kobolds
  3 quokkas
  4 bats
  2 frilled lizards
  2 rats
73 creatures vanquished.

Vanquished Creatures (others)
  3 fungi (D:2)
  4 plants (D:2)
7 creatures vanquished.

Grand Total: 80 creatures vanquished

Notes
Turn   | Place    | Note
-------+----------+-------------------------------------------
     0 | D:1      | zishaf the Djinni Venom Mage began the quest for the Orb.
     0 | D:1      | zishaf set off with the following spells memorised: Sting,
                  | Poisonous Vapours, Mephitic Cloud, Olgreb's Toxic Radiance.
     0 | D:1      | Reached XP level 1. HP: 15/15 MP: 0/0
   186 | D:1      | Reached XP level 2. HP: 20/22 MP: 0/0
   561 | D:1      | Reached skill level 1 in Fighting
   814 | D:1      | Reached XP level 3. HP: 25/27 MP: 0/0
   814 | D:1      | Learned a level 1 spell: Beastly Appendage
   844 | D:1      | Reached skill level 3 in Spellcasting
  1561 | D:2      | Found a faded altar of an unknown god.
  1811 | D:2      | Reached XP level 4. HP: 31/33 MP: 0/0
  2050 | D:2      | Identified the +11 dagger "Ycsyss" {holy, rF+}
  2907 | D:3      | Reached XP level 5. HP: 27/38 MP: 0/0
  2907 | D:3      | Learned a level 2 spell: Scorch
  3402 | D:3      | Reached skill level 1 in Short Blades
  3499 | D:3      | You are sucked into a shaft and drop 3 floors!
  3514 | D:6      | Found an opulent altar of Gozag.
  3535 | D:5      | Entered Level 5 of the Dungeon
  3535 | D:5      | Noticed a water moccasin
  3620 | D:6      | Noticed a black bear
  3745 | D:6      | Found Gozag's Platinum Reserve.
  3783 | D:6      | Noticed a kobold brigand
  3792 | D:6      | Killed a kobold brigand
  3793 | D:6      | Reached skill level 4 in Spellcasting
  3793 | D:6      | Reached XP level 6. HP: 31/45 MP: 0/0
  3940 | D:6      | Noticed an ogre
  3942 | D:6      | Noticed an ogre
  4014 | D:5      | Found an ornate altar of the Wu Jian Council.
  4034 | D:5      | Reached XP level 7. HP: 20/50 MP: 0/0
  4034 | D:5      | Learned a level 3 spell: Ignite Poison
  4394 | D:5      | HP: 1/50 [water moccasin (6)]
  4396 | D:5      | Slain by a water moccasin

Illustrated notes

Levels and vault maps discovered:
D:1:      eino_arrival_druids_welcome, layout_basic, minivault_14,
          bh_walls_and_bars
D:2:      layout_basic, shapermc_ecumenical_altar_mp_urbaneastern
D:3:      layout_basic, lemuel_blue_sif_altar, corexii_hall_statues_s, uniq_ijyb
D:5:      layout_loops_ring, mainiacjoe_overflow_small_starburst,
          grunt_decor_cap
D:6:      layout_cave_pools, marbit_many_paths, nicolae_ru_awakened_eye,
          nicolae_gozag_zags_fifth_avenue, trog_hazing_becter

Skill      XL: |  1  2  3  4  5  6 |
---------------+-------------------+-----
Fighting       | 1 2 3 |  3.5
Spellcasting   | 3 4 |  4.8
Short Blades   | 1 2 |  2.5
Dodging        | |  2.1
Stealth        | |  1.5

Action                   |  1- 3 |  4- 6 |  7- 9 || total
-------------------------+-------+-------+-------++-------
Melee: Dagger            |       |    63 |    15 ||    78
       Punch             |       |       |     1 ||     1
 Cast: Sting             |    64 |    34 |     1 ||    99
       Scorch            |       |     6 |       ||     6
       Mephitic Cloud    |       |     8 |     4 ||    12
       Poisonous Vapours |       |     4 |     8 ||    12
       Olgreb's Toxic Ra |       |     1 |       ||     1
Evoke: Wand              |       |       |     3 ||     3
  Use: Potion            |       |     1 |       ||     1
 Stab: Confused          |       |       |     1 ||     1
Armor: Robe              |     4 |    17 |     1 ||    22
Dodge: Dodged            |    11 |    42 |    10 ||    63

Table legend: (Time is in decaauts)
 A = Elapsed time spent in this place.
 B = Non-inter-level travel time spent in this place.
 C = Inter-level travel time spent in this place.
 D = Time resting spent in this place.
 E = Time spent auto-exploring this place.
 F = Levels seen in this place.
 G = Mean time per level.
                   A        B        C        D        E       F      G
               +--------+--------+--------+--------+--------+-----+--------+
         Total |   4389 |   4266 |    123 |    659 |   3012 |   5 |  877.8 |
       Dungeon |   4389 |   4266 |    123 |    659 |   3012 |   5 |  877.8 |
               +--------+--------+--------+--------+--------+-----+--------+

Top non-repeatable levels by time:
     D:2: 1808 daAuts
     D:1: 1047 daAuts
     D:3: 641 daAuts
     D:5: 452 daAuts
     D:6: 440 daAuts
